 Dungeon Crawl Stone Soup version 0.27-a0-1202-ge72e49191c (webtiles) character file.

Game seed: 2850853223344822626

9 rjrrt the Chopper (level 2, 0/24 HPs)
             Began as a Demonspawn Berserker on June 4, 2021.
             Was a Follower of Trog.
             Slain by a quokka (1 damage)
             ... on level 1 of the Dungeon.
             The game lasted 00:00:25 (79 turns).

rjrrt the Chopper (Demonspawn Berserker)              Turns: 79, Time: 00:00:26

Health: 0/24       AC:  2    Str: 17    XL:     2   Next: 6%
Magic:  2/2        EV: 12    Int:  8    God:    Trog [*.....]
Gold:   0          SH:  0    Dex: 12    Spells: 1/1 levels left

rFire    . . .     SeeInvis .   a - +0 hand axe
rCold    . . .     Faith    .   (no shield)
rNeg     . . .     Spirit   .   b - +0 animal skin
rPois    .         Reflect  .   (no helmet)
rElec    .         Harm     .   (no cloak)
rCorr    .         Rampage  .   (no gloves)
Will     .....                  (no boots)
Stlth    +.........             (no amulet)
HPRegen  0.08/turn              (no ring)
MPRegen  0.08/turn              (no ring)

@: on berserk cooldown
A: powered by pain 1
a: Renounce Religion, Berserk


You were on level 1 of the Dungeon.
You worshipped Trog.
Trog was aware of your devotion.
You visited 1 branch of the dungeon, and saw 2 of its levels.

Inventory:

Hand Weapons
 a - a +0 hand axe (weapon)
Armour
 b - a +0 animal skin (worn)
Scrolls
 c - a scroll of identify {unknown}
 d - a scroll of enchant armour {unknown}


   Skills:
 - Level 3.0 Fighting
 + Level 3.3 Axes
 - Level 1.7 Armour
 - Level 1.7 Dodging


You had one spell level left.
You didn't know any spells.
Your spell library was empty.

Dungeon Overview and Level Annotations

Branches:
Dungeon (2/15)

Altars:


Innate Abilities, Weirdness & Mutations

You sometimes gain a little power by taking damage.


Message History

You completely miss the giant cockroach.
The giant cockroach misses you. The giant cockroach bites you.
* * * LOW HITPOINT WARNING * * *
You hit the giant cockroach.
You kill the giant cockroach!
Trog accepts your kill.
You see here a giant cockroach corpse.
Items here: ( )) †.
You start resting.
A kobold comes into view. It is wielding a +0 short sword.
A kobold is nearby!
There is a stone staircase leading up here.
A kobold is nearby!
You climb upwards.
A bat comes into view.
The bat hits you.
There is a stone staircase leading down here.
A bat is nearby!
You are too injured to fight recklessly!
You are too injured to fight recklessly!
You are too injured to fight recklessly!
You are too injured to fight recklessly!
The bat hits you but does no damage. The bat hits you but does no damage.
The bat barely misses you.
A quokka comes into view.
You feel yourself speed up. The bat closely misses you.
The quokka twitches its whiskers.
The bat barely misses you. The quokka closely misses you.
You barely miss the quokka. The bat hits you.
* * * LOW HITPOINT WARNING * * *
The quokka bites you.
* * * LOW HITPOINT WARNING * * *
You are too injured to fight recklessly!
You hit the quokka but do no damage. The bat barely misses you.
The quokka bites you.
* * * LOW HITPOINT WARNING * * *
The quokka bites you.
You die...

######.#
#@r....#
#.####.###
#.b......#
#..#...#.#
#.>....#
#...#..#
##....##
#.##.# #..
...


You could see a quokka and a bat.

Vanquished Creatures
  An endoplasm (D:2)
  A giant cockroach (D:2)
  2 goblins (D:2)
  A hobgoblin (D:2)
  A jackal (D:2)
  A bat (D:2)
  A kobold (D:2)
8 creatures vanquished.

Notes
Turn   | Place    | Note
-------+----------+-------------------------------------------
     0 | D:1      | rjrrt the Demonspawn Berserker began the quest for the Orb.
     0 | D:1      | Reached XP level 1. HP: 18/18 MP: 1/1
    13 | D:1      | You fall into a shaft and drop 1 floor!
    13 | D:2      | Found a faded altar of an unknown god.
    52 | D:2      | Gained mutation: You sometimes gain a little power by
                  | taking damage. [demonic ancestry]
    52 | D:2      | Reached XP level 2. HP: 9/24 MP: 2/2
    79 | D:1      | HP: 1/24 [quokka (1)]
    79 | D:1      | Slain by a quokka

Illustrated notes

Levels and vault maps discovered:
D:1:      tarquinn_simple_flora_water_d, layout_loops_cross, serial_shops,
          shop_statue, minmay_crystal_room
D:2:      layout_basic, hellmonk_ecumenical_altar_zigzags, minmay_circled_x,
          uniq_natasha

Skill      XL: |  1 |
---------------+----+-----
Axes           | 3 |  3.3
Fighting       | |  3.0
Armour         | |  1.7
Dodging        | |  1.7

Action                   || total
-------------------------++-------
Melee: Hand axe          ||    17
Invok: Berserk           ||     1
Armor: Animal skin       ||     6
Dodge: Dodged            ||    18

Table legend: (Time is in decaauts)
 A = Elapsed time spent in this place.
 B = Non-inter-level travel time spent in this place.
 C = Inter-level travel time spent in this place.
 D = Time resting spent in this place.
 E = Time spent auto-exploring this place.
 F = Levels seen in this place.
 G = Mean time per level.
                   A        B        C        D        E       F      G
               +--------+--------+--------+--------+--------+-----+--------+
         Total |     92 |     92 |      0 |     10 |     23 |   2 |   46.0 |
       Dungeon |     92 |     92 |      0 |     10 |     23 |   2 |   46.0 |
               +--------+--------+--------+--------+--------+-----+--------+

Top non-repeatable levels by time:
     D:2: 68 daAuts
     D:1: 23 daAuts
